 Seeded DCSS version 0.26-a0-42-g4f27934 (webtiles) character file.

Game seed: 11301349378719138389

7312 Auros the Cleaver (level 11, -4/92 HPs)
             Began as a Hill Orc Monk on May 15, 2020.
             Was an Elder of Beogh.
             Killed from afar by an ice dragon (27 damage)
             ... with a blast of cold
             ... on level 10 of the Dungeon on June 1, 2020.
             The game lasted 01:25:21 (13010 turns).

Auros the Cleaver (Hill Orc Monk)                  Turns: 13010, Time: 01:25:22

Health: -4/92      AC:  6    Str: 23    XL:     11   Next: 13%
Magic:  6/6        EV: 13    Int: 22    God:    Beogh [****..]
Gold:   475        SH:  6    Dex: 20    Spells: 4/10 levels left

rFire    . . .     SeeInvis .   N - +1 war axe
rCold    + . .     Gourm    .   v - +0 buckler
rNeg     . . .     Faith    .   O - +1 leather armour "Kihufarph" {+Fly rPois Int+5 Stlth-}
rPois    +         Spirit   .   (no helmet)
rElec    .         Reflect  .   e - scarf {+Inv}
rCorr    .         Harm     .   u - +0 pair of gloves
MR       .....                  (no boots)
Stlth    +.........             (no amulet)
HPRegen  0.25/turn              F - +6 ring of strength
MPRegen  0.10/turn              y - ring of Laamadump {rPois rC+ MP-9 Int+6 Dex+7}

@: flying (expiring)
A: no striking features
a: Smiting, Recall Orcish Followers, Renounce Religion, Evoke Invisibility, Stop
Flying


You were on level 10 of the Dungeon.
You worshipped Beogh.
Beogh was greatly pleased with you.
You were hungry.

You visited 1 branch of the dungeon, and saw 10 of its levels.

You collected 475 gold pieces.

Inventory:

Hand Weapons
 a - a +0 hand axe
 N - a +1 war axe (weapon)
Missiles
 l - 35 poisoned darts
 n - 82 bolts
 q - 100 arrows
 s - 58 sling bullets
 R - a throwing net
 Z - 263 stones (quivered)
Armour
 b - a +0 robe
 e - a scarf of invisibility (worn)
 o - a +0 cloak
 u - a +0 pair of gloves (worn)
 v - a +0 buckler (worn)
 A - a +0 leather armour
 H - the +2 robe of Lucidity {rF+ rC- Int+4}
   (You found it on level 7 of the Dungeon)

   It affects your intelligence (+4).
   It protects you from fire.
   It makes you vulnerable to cold.
 J - a +3 ring mail of cold resistance
 O - the +1 leather armour "Kihufarph" (worn) {+Fly rPois Int+5 Stlth-}
   (You found it on level 9 of the Dungeon)

   It affects your intelligence (+5).
   It protects you from poison.
   It lets you fly.
   It makes you less stealthy.
Jewellery
 w - an uncursed amulet of guardian spirit
 y - the ring of Laamadump (right hand) {rPois rC+ MP-9 Int+6 Dex+7}
   (You found it on level 5 of the Dungeon)

   [ring of intelligence]

   It affects your intelligence (+6).
   It affects your dexterity (+7).
   It protects you from cold.
   It protects you from poison.
   It affects your magic capacity (-9).
 F - a +6 ring of strength (left hand)
Wands
 p - a wand of flame (43)
 G - a wand of digging (3)
 K - a wand of acid (14)
 P - a wand of enslavement (2)
Scrolls
 c - 7 scrolls of remove curse
 g - a scroll of magic mapping {unknown}
 i - 2 scrolls of identify
 k - a scroll of random uselessness {unknown}
 m - a scroll of fog
 t - 5 scrolls of teleportation
 x - a scroll of enchant weapon
 I - 3 scrolls of noise
 L - a scroll of vulnerability {unknown}
 M - a scroll of blinking {unknown}
Potions
 d - a potion of might
 f - a potion of brilliance
 h - 10 potions of curing {unknown}
 j - a potion of lignification
 r - 2 potions of cancellation
 B - 3 potions of heal wounds
 C - 2 potions of flight
 D - a potion of haste
 E - a potion of degeneration
 Q - a potion of resistance {unknown}
Comestibles
 z - 12 rations


   Skills:
 - Level 7.3 Fighting
 + Level 13.7 Axes
 - Level 5.6 Armour
 - Level 2.4 Dodging
 - Level 1.5 Stealth
 - Level 4.0 Shields
 - Level 8.4 Hexes
 - Level 8.4 Summonings
 - Level 5.3 Evocations


You had 4 spell levels left.
You knew the following spells:

 Your Spells              Type           Power        Failure   Level  Hunger
a - Summon Guardian Gole  Hex/Summ       #####...     1%          3    ####...
b - Call Canine Familiar  Summ           #####...     1%          3    ####...

Your spell library contained the following spells:

 Spells                   Type           Power        Failure   Level  Hunger
 Summon Small Mammal      Summ           ####         1%          1    ##.....
 Call Imp                 Summ           #####...     1%          2    ###....
 Summon Ice Beast         Ice/Summ       ###.....     32%         4    #####..
 Summon Lightning Spire   Summ/Air       ###.....     32%         4    #####..
 Bolt of Magma            Conj/Fire/Erth #.........   99%         5    ######.
 Iskenderun's Battlesphe  Conj/Chrm      #.......     99%         5    ######.
 Iron Shot                Conj/Erth      #.........   100%        6    #######
 Orb of Destruction       Conj           #.........   100%        7    #######
 Spellforged Servitor     Conj/Summ      ###.......   100%        7    #######


Dungeon Overview and Level Annotations

Branches:
Dungeon (10/15)            Temple (0/1) D:4            Lair (0/6) D:10
    Orc: D:9-12

Altars:
Ashenzari
Dithmenos
Hepliaklqana
Okawaru
Qazlal
Ru
Trog
Uskayaw
Xom
Yredelemnul
The Shining One

Shops:
D:9 *

Annotations:
D:10 exclusion: ice statue


Message History

The ice dragon breathes frost at you. The blast of cold hits you!! You resist.
* * * LOW HITPOINT WARNING * * *
Press: ? - help, v - describe, . - travel
Here: an ice dragon (water) Some deep water.
Careful!
You are starting to lose your buoyancy.
The ice dragon breathes frost at you. The blast of cold hits you!! You resist.
* * * LOW HITPOINT WARNING * * *
The ice dragon is engulfed in freezing vapours.
The ice dragon breathes frost at you. The blast of cold hits you!! You resist.
* * * LOW HITPOINT WARNING * * *
You feel much better.
You are engulfed in freezing vapours.
You resist.
* * * LOW HITPOINT WARNING * * *
The ice dragon is engulfed in freezing vapours.
The ice dragon breathes frost at you. The blast of cold hits you!! You resist.
You die...

##≈≈≈≈###!.≈≈≈##
#≈≈≈≈≈ #≈≈≈≈≈##?≈≈≈≈#
##≈≈≈≈≈ #≈≈≈≈≈###≈≈≈##
#≈≈≈≈≈≈ ##≈≈≈≈#######
#≈≈≈≈≈≈ #≈≈≈≈≈##
##≈≈≈≈≈≈ ##≈≈≈≈D##
#.≈≈≈≈≈≈ ###≈≈≈○##
##≈≈≈≈≈≈≈ ###≈≈○###
##≈≈≈≈≈≈≈≈ ##≈≈○@####
###≈≈≈≈≈≈≈≈≈
#≈≈≈≈≈≈≈###≈≈≈≈≈≈≈≈≈≈o
##≈≈≈≈≈≈≈≈≈≈≈≈≈≈≈≈≈≈≈≈
#≈≈≈≈≈≈≈≈≈≈≈≈≈≈≈≈≈≈≈≈
#≈≈≈≈≈≈≈≈≈≈≈≈≈≈≈≈≈≈≈≈
##≈≈≈≈≈≈≈≈≈≈≈≈≈≈≈≈≈≈≈
#≈≈≈≈≈≈≈≈≈≈≈≈≈≈≈≈≈≈≈
#≈≈≈≈≈≈≈≈≈≈≈≈≈≈≈≈≈≈≈
#≈≈≈≈≈≈≈≈≈≈≈≈≈≈≈≈≈≈≈≈


You could see an ice dragon (catching breath).

Vanquished Creatures
  Harold (D:10)
  A deep elf mage (D:10)
  A hippogriff (D:8)
  Sigmund (D:3)
  2 yaks (D:9)
  9 ice beasts
  An orc warrior (D:10)
  2 phantoms
  A sky beast (D:5)
  2 slaves (D:7)
  2 ogres (D:4)
  A centaur (D:5)
  A big kobold (D:9)
  Dowan (D:7)
  3 scorpions
  A howler monkey (D:6)
  2 electric eels (D:10)
  A crimson imp (D:5)
  A bullfrog zombie (D:5)
  A centaur zombie (D:5)
  3 hounds
  5 orc wizards
  2 bullfrog skeletons
  3 orc priests
  7 iguanas
  Terence (D:3)
  2 worker ants (D:4)
  A hound skeleton (D:3)
  14 adders
  6 oozes
  A worm (shapeshifter) (D:10)
  2 worms
  3 dart slugs
  5 leopard geckos
  24 orcs
  3 bats
  9 giant cockroaches
  4 hobgoblins
  7 jackals
  2 quokkas
  4 ball pythons
  3 frilled lizards (D:2)
  6 goblins
  A jackal zombie (D:5)
  6 kobolds
  A leopard gecko zombie (D:5)
  A quokka zombie (D:6)
  5 rats
166 creatures vanquished.

Vanquished Creatures (collateral kills)
  Erica (D:8)
  Pikel (D:7)
  Joseph (D:10)
  2 yaks (D:9)
  A water moccasin (D:6)
  Duvessa (D:7)
  An orc warrior (D:8)
  5 ice beasts (D:10)
  2 eyes of draining (D:7)
  An ogre (D:10)
  A centaur (D:7)
  2 big kobolds (D:7)
  2 bullfrogs (D:8)
  A scorpion (D:6)
  2 killer bees (D:10)
  2 electric eels (D:10)
  A howler monkey (D:5)
  2 bullfrog zombies
  A quasit (D:5)
  2 jellies (D:10)
  2 orc wizards (D:8)
  A centaur skeleton (D:8)
  2 worker ants
  An iguana (D:9)
  A worker ant zombie (D:8)
  An adder (D:7)
  An adder skeleton (D:10)
  2 leopard geckos
  4 orcs
  4 kobolds (D:9)
51 creatures vanquished.

Vanquished Creatures (others)
  A phantom (D:5)
  A killer bee (D:10)
  2 orc priests
  6 orcs
10 creatures vanquished.

Grand Total: 227 creatures vanquished

Notes
Turn   | Place    | Note
-------+----------+-------------------------------------------
     0 | D:1      | Auros the Hill Orc Monk began the quest for the Orb.
     0 | D:1      | Reached XP level 1. HP: 19/19 MP: 1/1
   108 | D:1      | Reached XP level 2. HP: 26/26 MP: 2/2
   130 | D:1      | Reached skill level 5 in Axes
   513 | D:1      | Reached XP level 3. HP: 30/31 MP: 3/3
   858 | D:2      | Reached skill level 6 in Axes
   867 | D:2      | HP: 1/31 [poisoned by an adder]
  1321 | D:2      | Reached XP level 4. HP: 31/39 MP: 4/4
  1858 | D:2      | Reached skill level 7 in Axes
  1881 | D:2      | Found a hazy altar of Hepliaklqana.
  2143 | D:2      | Found a glowing golden altar of the Shining One.
  2337 | D:3      | Reached XP level 5. HP: 26/45 MP: 5/5
  2634 | D:3      | Learned a level 3 spell: Summon Guardian Golem
  2634 | D:3      | Reached XP level 6. HP: 32/51 MP: 6/6
  2753 | D:3      | Reached skill level 10 in Axes
  2753 | D:3      | Reached skill level 5 in Armour
  2753 | D:3      | Reached XP level 7. HP: 66/66 MP: 7/7
  2754 | D:3      | Noticed Terence
  2769 | D:3      | Killed Terence
  3191 | D:3      | Noticed Sigmund
  3263 | D:3      | Upgraded the game from 0.25-a0-1079-g858b6a6 to
                  | 0.25-a0-1080-g72af00c
  3277 | D:3      | HP: 2/66 [something (2)]
  3282 | D:3      | Killed Sigmund
  3857 | D:4      | Found a staircase to the Ecumenical Temple.
  3858 | D:4      | Became a worshipper of Beogh the Brigand
  3858 | D:4      | Reached * piety under Beogh
  3858 | D:4      | Reached ** piety under Beogh
  4023 | D:4      | Found a shadowy altar of Dithmenos.
  4050 | D:4      | Reached XP level 8. HP: 64/73 MP: 6/8
  4117 | D:4      | Reached skill level 11 in Axes
  4713 | D:4      | Reached skill level 1 in Evocations
  4904 | D:4      | Found a basalt altar of Yredelemnul.
  5001 | D:5      | Entered Level 5 of the Dungeon
  5221 | D:5      | Found an iron altar of Okawaru.
  5242 | D:5      | Reached skill level 1 in Shields
  5360 | D:5      | Learned a level 3 spell: Call Canine Familiar
  6004 | D:5      | Reached XP level 9. HP: 72/79 MP: 8/10
  6377 | D:5      | Found a stormy altar of Qazlal.
  6489 | D:5      | Got a crude lapis lazuli ring
  6490 | D:5      | Identified the ring of Laamadump {rPois rC+ MP-9 Int+6
                  | Dex+7} (You found it on level 5 of the Dungeon)
  7487 | D:6      | Found a shimmering altar of Xom.
  7794 | D:6      | Reached *** piety under Beogh
  7902 | D:6      | Found a sacrificial altar of Ru.
  8205 | D:6      | Found a shattered altar of Ashenzari.
  8563 | D:7      | Noticed Pikel
  8576 | D:7      | Killed Pikel
  9049 | D:7      | Noticed Dowan
  9049 | D:7      | Noticed Duvessa
  9061 | D:7      | Killed Duvessa
  9076 | D:7      | Killed Dowan
  9312 | D:7      | Got a crude robe
  9323 | D:7      | Identified the +2 robe of Lucidity {rF+ rC- Int+4} (You
                  | found it on level 7 of the Dungeon)
  9368 | D:7      | Found a bloodstained altar of Trog.
  9933 | D:8      | Reached XP level 10. HP: 58/86 MP: 3/13
 10232 | D:8      | Noticed Erica
 10259 | D:8      | Killed Erica
 10259 | D:8      | Reached skill level 5 in Evocations
 10417 | D:8      | Upgraded the game from 0.25-a0-1080-g72af00c to
                  | 0.25-a0-1119-g28b6fd0
 10420 | D:8      | Upgraded the game from 0.25-a0-1119-g28b6fd0 to
                  | 0.26-a0-29-gb080af9
 10678 | D:8      | Upgraded the game from 0.26-a0-29-gb080af9 to
                  | 0.26-a0-37-g50178cf
 10780 | D:9      | Found a hide-covered altar of Uskayaw.
 10806 | D:9      | Got a polished leather armour
 10817 | D:9      | Identified the +1 leather armour "Kihufarph" {+Fly rPois
                  | Int+5 Stlth-} (You found it on level 9 of the Dungeon)
 10818 | D:9      | Upgraded the game from 0.26-a0-37-g50178cf to
                  | 0.26-a0-42-g4f27934
 11105 | D:9      | Found Wuuqacoe's General Store.
 11118 | D:9      | Reached **** piety under Beogh
 11291 | D:10     | Entered Level 10 of the Dungeon
 11291 | D:10     | Found a staircase to the Lair.
 11351 | D:10     | Reached skill level 12 in Axes
 11357 | D:10     | Noticed a deep elf mage
 11369 | D:10     | Killed a deep elf mage
 11552 | D:10     | Gained Olfik as an ally
 11609 | D:10     | Noticed Harold
 11629 | D:10     | Killed Harold
 11727 | D:10     | Noticed Joseph
 11747 | D:10     | Killed Joseph
 11747 | D:10     | Reached skill level 13 in Axes
 12100 | D:10     | Reached XP level 11. HP: 64/92 MP: 6/15
 12989 | D:10     | Noticed an ice dragon
 13010 | D:10     | Killed from afar by an ice dragon

Illustrated notes

Levels and vault maps discovered:
D:1:      roderic_crop_circles_arrival_small, layout_basic, st_stairs_6
D:2:      layout_loops_cross, nicolae_tso_swordbearing_angel, marbit_many_paths,
          first_ration
D:3:      layout_loops_ring, uniq_sigmund, uniq_terence
D:4:      layout_basic, nicolae_overflow_hidden_temple, grunt_dithmenos_shadows,
          minmay_temple_entry_proselytizer
D:5:      layout_rooms, nicolae_qazlal_style_of_elements, okawaru_gym_becter
D:6:      layout_basic, kennysheep_little_box,
          chequers_temple_overflow_statue_of_worship
D:7:      layout_gridville, trog_eyes_of_draining, uniq_duvessa, uniq_pikel
D:8:      layout_rooms, kennysheep_generic_room_11, uniq_erica
D:9:      layout_roguey, eat_drink_and_be_merry_uskayaw,
          kiku_gazebo_pond_becter, serial_shops, shop, shop, basic_altar
D:10:     minmay_twisted_water, layout_basic, lair_entry_dummy, uniq_joseph,
          uniq_harold

Skill      XL: |  1  2  3  4  5  6  7  8  9 10 |
---------------+-------------------------------+-----
Axes           | 5 6 7 10 11 13 | 13.7
Hexes          | 8 |  8.4
Summonings     | 8 |  8.4
Fighting       | 7 |  7.3
Armour         | 5 |  5.6
Evocations     | 2 4 5 |  5.3
Shields        | 2 4 |  4.0
Dodging        | |  2.4
Stealth        | |  1.5

Action                   |  1- 3 |  4- 6 |  7- 9 | 10-12 || total
-------------------------+-------+-------+-------+-------++-------
Melee: Hand axe          |    91 |    99 |   618 |    39 ||   847
       War axe           |       |       |       |   126 ||   126
 Cast: Summon Guardian G |       |       |    21 |     6 ||    27
       Call Canine Famil |       |       |    13 |     2 ||    15
Invok: Convert to Beogh  |       |       |     1 |       ||     1
       Recall Orcish Fol |       |       |       |     3 ||     3
       Smiting           |       |       |       |     1 ||     1
 Abil: Evoke Invisibilit |       |       |     2 |       ||     2
       Evoke Flight      |       |       |       |     2 ||     2
  Use: Potion            |       |     2 |     2 |     1 ||     5
       Scroll            |       |       |    11 |     2 ||    13
 Stab: Sleeping          |     5 |     7 |     4 |       ||    16
       Invisible         |       |       |     2 |       ||     2
       Distracted        |       |       |     3 |       ||     3
  Eat: Chunk             |       |     5 |    23 |     4 ||    32
       Ration            |       |       |     2 |     2 ||     4
Armor: Robe              |    10 |    13 |    51 |       ||    74
       Skin              |       |       |     2 |       ||     2
       Leather armour    |       |       |    40 |    25 ||    65
       Ring mail         |       |       |    18 |    23 ||    41
Dodge: Dodged            |    57 |    79 |   250 |    65 ||   451
Block: Buckler           |       |       |    65 |    23 ||    88

Table legend:
 A = Non-vault XP
 B = Vault XP
 C = Vault XP percentage of total XP
 D = Non-vault monster count
 E = Vault monster count
 F = Vault count percentage of total count
                 A         B        C        D         E       F
            +---------+---------+-------+---------+---------+-------
      Total |    5125 |    4757 |  48.1 |     188 |      29 |  13.4
            +---------+---------+-------+---------+---------+-------
        D:1 |      43 |       1 |   2.3 |      19 |       1 |   5.0
        D:2 |     105 |      13 |  11.0 |      25 |       1 |   3.8
        D:3 |      66 |     259 |  79.7 |      14 |       2 |  12.5
        D:4 |     583 |     129 |  18.1 |      22 |       1 |   4.3
        D:5 |     899 |       0 |   0.0 |      26 |       0 |   0.0
        D:6 |     783 |       0 |   0.0 |      30 |       0 |   0.0
        D:7 |     109 |     903 |  89.2 |       4 |       7 |  63.6
        D:8 |     492 |     757 |  60.6 |      13 |       3 |  18.8
        D:9 |     762 |       0 |   0.0 |      17 |       0 |   0.0
       D:10 |    1283 |    2695 |  67.7 |      18 |      14 |  43.8
            +---------+---------+-------+---------+---------+-------
